puck, lawful female human Valkyrie ---------------------------- |.............T............| |........h....@....)........ ---........*..(^.............| |.........*..................| ------------------------------ 1 1 10 01 1 0 puck the Fighter Experience level: 8 Strength: 19 Dexterity: 6 Constitution: 18 Intelligence: 7 Wisdom: 10 Charisma: 10 Health: 0(58) Energy: 16(16) Def: 14 Gold: 181 Moves: 3125 Dungeon seed: FZBgz2Ee-qcx5try Game ID: puck_1559515783 Your Inventory: Coins $ - 181 gold pieces Weapons a - the blessed rustproof +1 Excalibur (weapon in hand) b - a blessed +0 dagger B - an uncursed +0 crossbow bolt H - 3 uncursed +0 daggers I - a blessed +1 dagger of fire (alternate weapon; not wielded) Armor e - an uncursed +3 small shield (being worn) n - an uncursed +0 splint mail (being worn) y - an uncursed +0 dwarvish iron helm (being worn) N - an uncursed +0 pair of iron shoes of warning (being worn) Comestibles c - 10 uncursed food rations Potions A - an uncursed potion of booze G - an uncursed potion of levitation Scrolls D - a blessed scroll of genocide F - a cursed scroll of earth Tools d - an uncursed oil lamp (lit) (0:1034) k - an uncursed blindfold l - a cursed can of grease (0:22) s - an uncursed stethoscope E - an uncursed skeleton key Spells and supernatural/magical abilities: Name Level Category Cost Memory W - pray for help -- divine ? -- Your skills at the end: Fighting Skills wands [Basic] Weapon Skills dagger [Basic] long sword [Skilled] Spellcasting Skills Final Attributes: You were piously aligned. You were immune to cold. You were level-drain resistant. You were warned. You were stealthy. You were fast. You last prayed 2505 turns ago. Tyr was noncommittal. You are dead. Vanquished creatures: a purple worm a freezing sphere a crocodile a quivering blob 2 black lights 2 gnome kings a gold golem a dingo a jaguar a soldier ant 2 bugbears an imp a quasit 4 Uruk-hai a rock mole a yellow light a shrieker 9 gnome lords 6 gnomish wizards 2 giant ants 2 kittens 5 dwarves a homunculus 2 kobold shamans a centipede a giant bat a wererat an iguana an acid blob a hobbit 45 gnomes 2 garter snakes a gecko 2 jackals a grid bug 2 bats 4 kobold zombies 2 newts 115 creatures vanquished. Voluntary challenges: You used a wielded weapon 169 times, starting on turn 64. You were illiterate. You never genocided any monsters. You never polymorphed an object. You changed form 2 times, starting on turn 2037. You used no wishes. You never split a pudding. You never wrote Elbereth's name. You never violated your personal moral code. Dungeon overview: The Dungeons of Doom: levels 1 to 4 Level 1 a vault a long staircase Level 2 Level 3 a general store Level 4 a fountain stairs to The Gnomish Mines The Gnomish Mines: levels 5 to 12 Level 5 stairs to The Dungeons of Doom Level 6 Level 7 Level 8 many shops, a temple to Odin, some fountains Level 9 Level 10 Level 11 Level 12 <- You were here History has recorded: On T:1 you entered the Dungeons of Doom to retrieve the Amulet of Yendor! On T:30 you reached level 2 of The Dungeons of Doom. On T:85 you reached level 3 of The Dungeons of Doom. On T:189 you advanced to experience level 2. On T:569 you advanced to experience level 3. On T:621 you advanced to experience level 4. On T:692 you advanced to experience level 5. On T:693 you reached level 4 of The Dungeons of Doom. On T:879 you reached level 1 of The Gnomish Mines. On T:992 you advanced to experience level 6. On T:1143 you reached level 2 of The Gnomish Mines. On T:1348 you reached level 3 of The Gnomish Mines. On T:1379 you reached level 4 of The Gnomish Mines. On T:1909 you reached level 5 of The Gnomish Mines. On T:1921 you advanced to experience level 7. On T:2809 you reached level 6 of The Gnomish Mines. On T:2894 you reached level 8 of The Gnomish Mines. On T:2921 you reached level 7 of The Gnomish Mines. On T:2976 you advanced to experience level 8. Score breakdown: Gold: 181 ( 7687 points) Experience: 8 levels (14739 points) Exploration: 12 levels ( 24.00%) (14214 points) Discoveries: 1 item ( 0.40%) ( 1897 points) Valuables value: (no points given unless you survive) Artifact value: 4000 (12253 points) Variety of kills: 38 monsters ( 10.00%) ( 9486 points) Turncount: 3125 turns ( -660 points) Survival: died (score multiplied by 80%) Total score: 47692 Latest messages: There are a few objects here. You are beginning to feel hungry. There is a staircase up here. You see here an arrow. You hear a chugging sound. Health restored. You stop searching. [28 turns] You are now wielding your Excalibur. I - a dagger of fire (alternate weapon; not wielded). You hear crashing rock. You hit the troll! The troll hits! (2x) The troll bites! You hit the troll! The troll hits! (2x) The troll bites! You hit the troll! The troll misses. The troll hits! The troll bites! There is a staircase up here. You see here an arrow. The troll hits! (2x) You die... Final status: Farvel puck the Valkyrie, killed by a troll... You died in The Gnomish Mines on dungeon level 12 with 47692 points, and 181 pieces of gold, after 3125 moves. You were level 8 with a maximum of 58 hit points when you died.